 Dungeon Crawl Stone Soup version 0.29.1-1-gd02db6906a (webtiles) character file.

Game seed: 15411121897295453041

1138 H0rd4k the Magician (level 8, -3/58 HPs)
             Began as a Human Artificer on Oct 7, 2022.
             Slain by Prince Ribbit (14 damage)
             ... on level 5 of the Dungeon.
             The game lasted 00:09:31 (7759 turns).

H0rd4k the Magician (Human Artificer)               Turns: 7759, Time: 00:09:32

Health: -3/58      AC:  4    Str: 12    XL:     8   Next: 63%
Magic:  15/15      EV: 13    Int: 20    God:
Gold:   234        SH:  0    Dex: 14    Spells: 16/16 levels left

rFire   . . .      SeeInvis .   I - +0 flail
rCold   . . .      Faith    .   (no shield)
rNeg    . . .      Spirit   .   b - +0 leather armour
rPois   .          Reflect  .   (no helmet)
rElec   .          Harm     .   (no cloak)
rCorr   .          Rampage  .   (no gloves)
Will    .....                   x - +0 pair of boots
Stlth   +.........              L - amulet of magic regeneration
HPRegen 0.19/turn               w - ring of wizardry
MPRegen 0.54/turn               j - +6 ring of intelligence

@: no status effects
A: no striking features
a: no special abilities


You were on level 5 of the Dungeon.
You visited 1 branch of the dungeon, and saw 5 of its levels.
You also visited: Sewer.

You collected 234 gold pieces.

Inventory:

Hand Weapons
 I - a +0 flail (weapon)
Missiles
 M - 14 poisoned darts (quivered)
Armour
 b - a +0 leather armour (worn)
 x - a +0 pair of boots (worn)
Jewellery
 f - a +6 ring of dexterity
 j - a +6 ring of intelligence (right hand)
 m - an amulet of faith
 t - a ring of ice
 u - a ring of positive energy
 w - a ring of wizardry (left hand)
 F - a ring of magical power
 L - an amulet of magic regeneration (around neck)
Wands
 c - a wand of flame (13)
 d - a wand of charming (6)
Scrolls
 a - a scroll of acquirement {unknown}
 g - 8 scrolls of identify {unknown}
 h - 6 scrolls of enchant weapon {unknown}
 k - a scroll of blinking {unknown}
 n - 5 scrolls of teleportation {unknown}
 p - 3 scrolls of magic mapping {unknown}
 r - 4 scrolls of amnesia {unknown}
 v - a scroll of noise {unknown}
 y - 2 scrolls of vulnerability {unknown}
 D - 2 scrolls of poison {unknown}
 E - a scroll of summoning {unknown}
 G - a scroll of torment {unknown}
 H - 2 scrolls of immolation {unknown}
 K - a scroll of fear {unknown}
Potions
 i - a potion of attraction {unknown}
 l - 3 potions of curing {unknown}
 o - 2 potions of degeneration {unknown}
 q - a potion of berserk rage {unknown}
 s - a potion of flight {unknown}
 z - a potion of brilliance {unknown}
 A - a potion of mutation {unknown}
 B - a potion of invisibility {unknown}
 C - a potion of experience {unknown}
 J - a potion of heal wounds {unknown}


   Skills:
 - Level 3.1 Fighting
 + Level 0.7(0.9) Short Blades
 + Level 0.6(0.9) Long Blades
 - Level 3.6 Maces & Flails
 + Level 0.3 Polearms
 + Level 0.3 Ranged Weapons
 + Level 0.7 Throwing
 - Level 2.0 Armour
 - Level 4.0 Dodging
 - Level 1.0 Stealth
 + Level 0.4 Shields
 + Level 0.7 Unarmed Combat
 * Level 4.7 Spellcasting
 + Level 1.7 Conjurations
 + Level 0.5 Hexes
 + Level 0.8 Summonings
 + Level 0.3 Necromancy
 + Level 0.4 Translocations
 + Level 0.3 Transmutations
 + Level 0.3 Fire Magic
 + Level 0.3 Ice Magic
 + Level 0.7 Air Magic
 + Level 0.5 Earth Magic
 + Level 0.6 Poison Magic
 + Level 0.6 Invocations
 - Level 3.0 Evocations


You had 16 spell levels left.
You didn't know any spells.
Your spell library contained the following spells:

 Spells                   Type           Power      Damage    Failure   Level
 Sublimation of Blood     Necr           6%         N/A       9%          2
 Wereblood                Tmut           6%         N/A       9%          2
 Animate Armour           Summ/Erth      14%        N/A       41%         4
 Blade Hands              Tmut           3%         N/A       78%         5
 Iron Shot                Conj/Erth      4%         9d2       99%         6
 Summon Hydra             Summ           4%         N/A       100%        7


Dungeon Overview and Level Annotations

Branches:
Dungeon (5/15)              Sewer (visited)
 Temple: D:4-7

Altars:
Fedhas

Shops:
D:4 (

Annotations:
D:1 1 exclusion
D:4 exclusion: downstairs
D:5 Prince Ribbit


Message History

You hit the orc.
You kill the orc!
No target in view!
Things that are here:
a +0 flail; an orc corpse HP restored.
n - 5 scrolls labelled BECOQA SOXTO (gained 1)
Found a long sword.
Prince Ribbit comes into view.
Found 4 poisoned darts.
Prince Ribbit is nearby!
Prince Ribbit is nearby!
You throw a poisoned dart. The poisoned dart hits Prince Ribbit.
Prince Ribbit is poisoned.
Prince Ribbit croaks.
Prince Ribbit blinks!
A jelly comes into view.
You throw a poisoned dart.
The poisoned dart barely misses Prince Ribbit.
The jelly quivers.
An orc comes into view. It is wielding a +0 club.
You throw a poisoned dart.
The poisoned dart barely misses Prince Ribbit.
The poisoned dart hits the jelly.
The jelly is poisoned.
Prince Ribbit blinks!
You throw a poisoned dart.
The poisoned dart barely misses Prince Ribbit.
You throw a poisoned dart. The poisoned dart hits Prince Ribbit.
Prince Ribbit looks even sicker.
Prince Ribbit is lightly wounded.
You throw a poisoned dart.
The poisoned dart closely misses Prince Ribbit.
The jelly looks more healthy.
Prince Ribbit hits you!
You miss Prince Ribbit.
Prince Ribbit is lightly wounded.
Prince Ribbit hits you! The jelly hits you but does no damage.
Prince Ribbit hits you!!
* * * LOW HITPOINT WARNING * * *
Prince Ribbit hits you!
You die...

##### .......... ##...#
##.........
#....#####........#.
#..................
##................#
#...#)..........#.###
#...#................
#..............##....
##..J@....##..<..# ##
#.o..F.(.(#.........#
#..##.........>.....#
#..(....##..##.............
#.(()...##..####...........
##.#.####..## #...........
# #. ##.. ............ o.
..# ............. .. .#


You could see Prince Ribbit (poisoned), a jelly and an orc.

Vanquished Creatures
  Pikel (D:4)
  A lemure (D:4)
  3 scorpions
  A jelly (D:4)
  An orc priest (D:4)
  Jessica (D:2)
  An iguana (D:2)
  Natasha (thrice) (D:2)
  2 orc wizards
  7 adders
  3 gnolls (D:3)
  2 river rats (Sewer)
  3 dart slugs
  11 orcs
  8 ball pythons
  10 bats
  8 endoplasms
  6 giant cockroaches
  6 goblins
  4 hobgoblins
  2 jackals (D:2)
  7 quokkas
  9 frilled lizards
  4 kobolds
  17 rats
121 creatures vanquished.

Vanquished Creatures (collateral kills)
  A scorpion (D:4)
  2 adders (D:4)
  A giant cockroach (D:3)
  2 goblins
  A quokka (D:3)
  A kobold (D:3)
8 creatures vanquished.

Vanquished Creatures (others)
  A scorpion (D:4)
  A gnoll (D:3)
  3 plants (D:1)
  2 withered plants (D:1)
7 creatures vanquished.

Grand Total: 136 creatures vanquished

Notes
Turn   | Place    | Note
-------+----------+-------------------------------------------
     0 | D:1      | H0rd4k the Human Artificer began the quest for the Orb.
     0 | D:1      | Reached XP level 1. HP: 15/15 MP: 1/1
   123 | D:1      | Reached XP level 2. HP: 16/21 MP: 2/2
   553 | D:1      | Found a blossoming altar of Fedhas.
   578 | D:1      | Reached XP level 3. HP: 21/26 MP: 3/3
   590 | D:1      | Reached skill level 1 in Maces & Flails
   944 | D:1      | Found a faded altar of an unknown god.
  1776 | D:2      | Noticed Jessica
  1778 | D:2      | Killed Jessica
  1779 | D:2      | Reached XP level 4. HP: 33/33 MP: 4/4
  2118 | D:2      | Noticed Natasha
  2120 | D:2      | Killed Natasha
  2121 | D:2      | Reached XP level 5. HP: 38/38 MP: 5/5
  2375 | D:2      | Noticed Natasha
  2379 | D:2      | Killed Natasha
  2467 | D:2      | Noticed Natasha
  2814 | D:2      | Killed Natasha
  2815 | D:2      | Reached XP level 6. HP: 46/46 MP: 6/6
  2911 | D:3      | Found a glowing drain.
  3244 | Sewer    | Entered a sewer
  5519 | D:3      | Reached skill level 1 in Spellcasting
  5519 | D:3      | Reached XP level 7. HP: 52/52 MP: 6/8
  5805 | D:4      | Reached skill level 1 in Conjurations
  5851 | D:4      | Found Otega's Weapon Shop.
  6169 | D:4      | Noticed Pikel
  6185 | D:4      | Found the +3 woodcutter's axe {vorpal}
  6202 | D:4      | Killed Pikel
  6203 | D:4      | Reached XP level 8. HP: 11/58 MP: 10/14
  7108 | D:5      | Entered Level 5 of the Dungeon
  7748 | D:5      | Noticed Prince Ribbit
  7759 | D:5      | Slain by Prince Ribbit

Illustrated notes

Levels and vault maps discovered:
D:1:      elethiomel_arrival_diamonds, layout_rooms,
          shapermc_ecumenical_altar_flowoftime, kennysheep_flooded_box,
          corexii_item_surrounded_by_moat, minmay_hexomino_r4
D:2:      layout_basic, minmay_misc_feat_pillars, grunt_ministairs_13,
          uniq_jessica, uniq_natasha
D:3:      layout_loops_corners, portal_sewer_entry_f
D:4:      layout_basic, serial_shops, nicolae_shop_bloodbath_and_beyond,
          grunt_decor_cap, uniq_pikel
D:5:      layout_cave_pools, minmay_temple_entry_offerings,
          minmay_misc_feat_iff, uniq_prince_ribbit1

Skill      XL: |  1  2  3  4  5  6  7 |
---------------+----------------------+-----
Dodging        | 2 3 4 |  4.0
Maces & Flails | 1 2 3 |  3.6
Fighting       | 2 3 |  3.1
Spellcasting   | 1 4 |  4.7
Conjurations   | 1 |  1.7
Short Blades   | |  0.7
Long Blades    | |  0.6
Polearms       | |  0.3
Ranged Weapons | |  0.3
Throwing       | |  0.7
Armour         | |  2.0
Stealth        | |  1.0
Shields        | |  0.4
Unarmed Combat | |  0.7
Hexes          | |  0.5
Summonings     | |  0.8
Necromancy     | |  0.3
Translocations | |  0.4
Transmutations | |  0.3
Fire Magic     | |  0.3
Ice Magic      | |  0.3
Air Magic      | |  0.7
Earth Magic    | |  0.5
Poison Magic   | |  0.6
Invocations    | |  0.6
Evocations     | |  3.0

Action                   |  1- 3 |  4- 6 |  7- 9 || total
-------------------------+-------+-------+-------++-------
Melee: Club              |   224 |   240 |       ||   464
       Punch             |     1 |     1 |       ||     2
       Flail             |       |     3 |   122 ||   125
Throw: Dart              |       |       |    11 ||    11
Evoke: Wand              |     1 |    27 |    11 ||    39
 Stab: Sleeping          |     2 |     3 |     1 ||     6
       Distracted        |       |       |     2 ||     2
Armor: Leather armour    |    92 |    48 |    37 ||   177
Dodge: Dodged            |   198 |   205 |    79 ||   482
